[Event "*** Titled Tuesday 3|2 Blitz"]
[Site "Chess.com"]
[Date "2016.07.05"]
[Round "6"]
[White "SavelijTartakover"]
[Black "wnstop"]
[Result "0-1"]
[WhiteElo "2489"]
[BlackElo "2383"]
[TimeControl "180+2"]
[EndTime "12:15:14 PDT"]
[Termination "wnstop won by resignation"]

1. d4 Nf6 2. c4 d6 3. Nf3 g6 4. Nc3 Bg7 5. e4 O-O 6. Be2 e5 7. O-O Na6 8. d5 Nc5 9. Qc2 a5 10. Bg5 h6 11. Be3 b6 12. Nd2 Ng4 13. Bxg4 Bxg4 14. b3 Bd7 15. a3 f5 16. f3 Na6 17.
Rab1 f4 18. Bf2 g5 19. b4 axb4 20. axb4 g4 21. fxg4 Bxg4 22. Nf3 Bf6 23. Kh1 Kh7 24. Qd3 Rg8 25. Rg1 Qe8 26. c5 bxc5 27. bxc5 Nxc5 28. Bxc5 dxc5 29. Rb7 Qc8 30. Rb5 Qa6 31. Qf1 Qa3 32. Nb1 Qe3 33. Nbd2 Bxf3 34. Nxf3 Ra2 35. Rb7 Rg7 36. Qe1 Re2 37. Qc1 Qxe4 38. Qb1 Qxb1 39. Rgxb1 e4 40. Ng1 Rexg2 41. Nh3 Be5 42. Rg1 f3 0-1

[Event "*** Titled Tuesday 3|2 Blitz"]
[Site "Chess.com"]
[Date "2016.07.05"]
[Round "6"]
[White "hypert"]
[Black "Andrejkin"]
[Result "0-1"]
[WhiteElo "2274"]
[BlackElo "2160"]
[TimeControl "180+2"]
[EndTime "12:15:19 PDT"]
[Termination "Andrejkin won by resignation"]

1. e4 e5 2. Nf3 Nc6 3. Bb5 a6 4. Ba4 Nf6 5. O-O Be7 6. d3 b5 7.
Bb3 d6 8. a4 b4 9. Nbd2 Na5 10.
Ba2 O-O 11. Re1 c5 12. Nc4 Nxc4 13. Bxc4 a5 14. h3 h6 15. c3 Ba6 16. Bxa6 Rxa6 17.
d4 cxd4 18. cxd4 Qc7 19. d5 Raa8 20. Qd3 Rfc8 21. Be3 Qc2 22. Qxc2 Rxc2 23. Nd2 Rxb2 24. Rec1 g5 25. Rc7 Bd8 26. Rc6 Rxd2 27. Bxd2 Nxe4 28. Be3 Be7 29. Rac1 Nc3 30. Bd2 Ne2+ 31. Kf1 Nxc1 32. Bxc1 f5 33. Rc7 Kf8 34. Rb7 e4 35. Bb2 f4 36. Bd4 b3 37. Rxb3 Rc8 38. Bc3 Rc4 39. Bxa5 Rxa4 40. Bc3 Rc4 41. Ke2 Rc5 42. Rb8+ Kf7 43.
Bb4 Rxd5 44. Rb7 Ke6 45. Bc3 h5 46. Rb4 Kf5 47. g4+ hxg4 48. hxg4+ Kxg4 49. Rxe4 Rc5 50. f3+ Kf5 51. Bb4 Re5 52. Rxe5+ Kxe5 53. Kd3 Bf6 54. Bc3+ Kf5 55. Bb4 d5 56. Be1 g4 57. fxg4+ Kxg4 58. Ke2 f3+ 59. Kd3 Bg5 60. Kd4 Bh4 0-1

[Event "*** Titled Tuesday 3|2 Blitz"]
[Site "Chess.com"]
[Date "2016.07.05"]
[Round "6"]
[White "Blitzstream"]
[Black "macko06"]
[Result "0-1"]
[WhiteElo "2480"]
[BlackElo "2236"]
[TimeControl "180+2"]
[EndTime "12:15:23 PDT"]
[Termination "macko06 won by checkmate"]

1. e4 e6 2. d4 d5 3. Nd2 c5 4. Ngf3 Nc6 5. exd5 Qxd5 6. Bc4 Qd8 7. Nb3 cxd4 8. Nbxd4 Nxd4 9. Qxd4 Qxd4 10. Nxd4 a6 11. Be3 Nf6 12. h3 Bd7 13. O-O-O O-O-O 14. Nf3 Be7 15. Ne5 Be8 16. Rxd8+ Bxd8 17. Rd1 Bc7 18. Bd4 Nd7 19.
Nf3 e5 20. Bc3 f6 21. Be6 Bb6 22. Bxe5 fxe5 23. Nxe5 Bxf2 24. Nxd7 Be3+ 25. Kb1 Kc7 26. Ne5 Rf8 27. Nf3 Bc6 28. Bd5 Rd8 29. c4 b5 30. b3 bxc4 31. bxc4 Rb8+ 32. Kc2 Ba4+ 33. Kd3 Bxd1 34. Kxe3 Bxf3 35. Kxf3 Rb2 36. c5 Rc2 37.
Bg8 h6 38. Kg4 Rxc5 39. h4 Kd6 40. g3 Ke7 41. h5 Kf6 42. Kh4 Ra5 43. g4 Ra4 44.
Bb3 Rb4 45. Bd5 a5 46. Bg8 a4 47. Bd5 Rd4 48. Bg8 Ke5 49. Bf7 Kf4 50. Be6 Kf3 51. Bc8 Rd2 52. Bb7+ Kf4 53. g5 Rh2# 0-1

[Event "*** Titled Tuesday 3|2 Blitz"]
[Site "Chess.com"]
[Date "2016.07.05"]
[Round "6"]
[White "thymathgeek"]
[Black "FLchessplayer"]
[Result "1-0"]
[WhiteElo "2073"]
[BlackElo "2043"]
[TimeControl "180+2"]
[EndTime "12:15:24 PDT"]
[Termination "thymathgeek won by checkmate"]

1. d4 Nf6 2. Nf3 c5 3. dxc5 e6 4. g3 Bxc5 5. Bg2 d5 6. O-O h6 7. Nbd2 a6 8. c4 Nc6 9. cxd5 exd5 10. Nb3 Ba7 11. Nbd4 Bd7 12. Bf4 O-O 13. Rc1 Rc8 14.
e3 Re8 15. Qb3 b5 16. Nxc6 Bxc6 17. Ne5 Bb7 18. h4 Bb8 19. Nd3 Qe7 20. Rfd1 Ne4 21.
Bxb8 Rxb8 22. Nf4 Red8 23. Nxd5 Bxd5 24. Rxd5 Nd2 25. Qd3 Rxd5 26. Qxd5 Rd8 27. Qc6 Nc4 28. b3 Ne5 29. Qxa6 b4 30. Qb7 Qd6 31. Qe4 f6 32. Rc2 Qd1+ 33. Kh2 Qe1 34. f3 Rd1 35.
Rc8+ Kf7 36. Qb7+ Kg6 37. Qe4+ Kf7 38. h5 Rd7 39. Qh7 Qxe3 40. Qg8+ Ke7 41. Qf8+ Ke6 42. Bh3+ Kd5 43. Bxd7 Qf2+ 44. Kh3 Qf1+ 45. Kh2 Qf2+ 46. Kh3 Qf1+ 47. Kh4 Qh1+ 48. Bh3 Kd4 49. Qc5+ Kd3 50. Qc2+ Ke3 51. Qe4+ Kf2 52. Rc2+ Kg1 53. Qe1# 1-0

[Event "*** Titled Tuesday 3|2 Blitz"]
[Site "Chess.com"]
[Date "2016.07.05"]
[Round "6"]
[White "Alexander_Donchenko"]
[Black "TyIerDurden"]
[Result "1-0"]
[WhiteElo "2597"]
[BlackElo "2440"]
[TimeControl "180+2"]
[EndTime "12:15:26 PDT"]
[Termination "Alexander_Donchenko won on time"]

1. d4 d5 2. c4 c6 3. Nf3 Nf6 4. Qc2 e6 5. Nbd2 Be7 6. g3 Nbd7 7. Bg2 O-O 8. O-O b5 9. b3 bxc4 10. bxc4 Ba6 11. Qa4 Bxc4 12. Nxc4 dxc4 13. Qxc4 Rc8 14.
Bf4 c5 15. Rfd1 cxd4 16. Qxd4 Qa5 17. Bd2 Qb6 18. Rab1 Qxd4 19. Nxd4 Bc5 20. Nb3 Bb6 21.
a4 Nc5 22. a5 Nxb3 23. Rxb3 Bc5 24. Bf4 Rfd8 25. Rxd8+ Rxd8 26. Bf3 Nd5 27. Bd2 Nf6 28. Bc3 Ne8 29. Rb7 Nd6 30. Rc7 Rc8 31. Rxc8+ Nxc8 32.
e3 Ne7 33. Kf1 Nd5 34. Bb2 Kf8 35. Ke2 Ke7 36. Bxg7 Bb4 37. a6 f6 38. Bxd5 exd5 39. Kd3 h5 40. f3 Bc5 41. g4 Kf7 42. Bh6 Kg6 43. Bf4 Bb6 44. h3 f5 45. Be5 fxg4 46. fxg4 hxg4 47. hxg4 Kf7 48. Bd4 Bc7 49. Bxa7 Ke6 50.
Bd4 Bb8 51. a7 1-0

[Event "*** Titled Tuesday 3|2 Blitz"]
[Site "Chess.com"]
[Date "2016.07.05"]
[Round "6"]
[White "twofoxniel"]
[Black "simplerXiao"]
[Result "0-1"]
[WhiteElo "2501"]
[BlackElo "2348"]
[TimeControl "180+2"]
[EndTime "12:15:31 PDT"]
[Termination "simplerXiao won on time"]

1. e4 c5 2. c3 Nf6 3. e5 Nd5 4.
d4 cxd4 5. cxd4 d6 6. Bc4 Nb6 7.
Bb5+ Bd7 8. e6 fxe6 9. Bd3 g6 10.
h4 Nc6 11. h5 Qc7 12. hxg6 h6 13. Nf3 Bg7 14. Be3 Nd5 15. Nc3 Nxe3 16. fxe3 Qa5 17. Qd2 e5 18. d5 Nb4 19. Bc4 Rc8 20. Bb3 O-O 21. e4 Na6 22. Rxh6 Rf4 23. Rh7 Be8 24. Rh4 Bxg6 25. Rc1 Nc5 26. Bc2 Rcf8 27. a3 Qb6 28. b4 Nd7 29. Rh1 Rxf3 30. gxf3 Rxf3 31. Ne2 Qf2+ 32.
Kd1 Nf6 33. Qg5 Re3 34. Re1 Bh5 35. Kd2 Rxe2+ 36. Rxe2 Qxe2+ 37. Kc3 Qf3+ 38. Kb2 Qf4 39. Qg1 Nxe4 40. Rf1 Bf3 41. Qxa7 Nd2 42. Rf2 e4+ 43. Ka2 e3 44. Qb8+ Kf7 45. Rh2 Qc4+ 0-1

[Event "*** Titled Tuesday 3|2 Blitz"]
[Site "Chess.com"]
[Date "2016.07.05"]
[Round "6"]
[White "VerdeNotte"]
[Black "Fandorine"]
[Result "0-1"]
[WhiteElo "2622"]
[BlackElo "2641"]
[TimeControl "180+2"]
[EndTime "12:15:32 PDT"]
[Termination "Fandorine won by resignation"]

1. e4 c6 2. d4 d5 3. Nc3 dxe4 4. Nxe4 Bf5 5. Ng3 Bg6 6. h4 h6 7. Nf3 Nd7 8. h5 Bh7 9. Bd3 Bxd3 10. Qxd3 e6 11. Bd2 Ngf6 12. O-O-O Be7 13. Kb1 O-O 14. Ne4 Nxe4 15. Qxe4 Nf6 16. Qe2 Qd5 17. Be3 Ng4 18.
Bc1 Rfd8 19. Ne5 Nxe5 20. dxe5 Qb5 21. Qxb5 cxb5 22. Be3 b6 23. c3 Kf8 24. Kc2 Ke8 25.
Kb3 Rdc8 26. Rd3 Rab8 27. g4 a5 28. f4 a4+ 29. Kc2 b4 30. g5 b5 31. f5 Bxg5 32. Bxg5 hxg5 33. f6 gxf6 34. exf6 Rd8 35. Rxd8+ Kxd8 36. cxb4 Kc7 37. Kd3 Rh8 38. h6 Kd6 39. Ke4 g4 40. Kf4 g3 41. Kxg3 Ke5 42.
Kg4 Kxf6 43. Kh5 e5 44. Rc1 e4 45. Rc6+ Ke5 46. Rc5+ Kf4 47. Rxb5 e3 48. Rb7 f5 49.
Kg6 Re8 50. Kf7 e2 51. Kxe8 e1=Q+ 52. Kf8 Qh1 53. Rh7 Qa8+ 54. Ke7 Qa7+ 0-1

[Event "*** Titled Tuesday 3|2 Blitz"]
[Site "Chess.com"]
[Date "2016.07.05"]
[Round "6"]
[White "salomez"]
[Black "ftorodent"]
[Result "0-1"]
[WhiteElo "2139"]
[BlackElo "2416"]
[TimeControl "180+2"]
[EndTime "12:15:34 PDT"]
[Termination "ftorodent won on time"]

1. e4 e6 2. d4 d5 3. Nc3 Bb4 4. e5 Qd7 5. Qg4 f5 6. Qh5+ Qf7 7.
Qxf7+ Kxf7 8. Nf3 h6 9. Bd2 Bxc3 10. Bxc3 b6 11. g3 Ba6 12. Bg2 Ne7 13. b3 c5 14. Bb2 Nbc6 15. Kd2 g5 16. h3 Rac8 17. Bf1 Bxf1 18. Rhxf1 g4 19. hxg4 fxg4 20. Nh4 cxd4 21.
f3 gxf3 22. Nxf3 Kg7 23. Nxd4 Nxd4 24. Bxd4 Rcf8 25. Rf6 Nf5 26. Bb2 Rxf6 27. exf6+ Kf7 28. g4 Nd6 29. Ke3 Rg8 30. Rh1 Rg6 31. g5 Rxg5 32.
Rxh6 Nf5+ 33. Kf4 Nxh6 34. Kxg5 Nf5 35. c4 dxc4 36. bxc4 Ne3 37. Be5 Nxc4 38. Bb8 a6 39. Bc7 b5 40. Bd8 a5 41. Kf4 b4 42. Ke4 a4 43.
Kd4 b3 44. axb3 a3 0-1

[Event "*** Titled Tuesday 3|2 Blitz"]
[Site "Chess.com"]
[Date "2016.07.05"]
[Round "6"]
[White "TomsKantans"]
[Black "PowerThinking2650"]
[Result "1-0"]
[WhiteElo "2427"]
[BlackElo "2152"]
[TimeControl "180+2"]
[EndTime "12:15:44 PDT"]
[Termination "TomsKantans won by resignation"]

1. e4 e5 2. Nf3 Nc6 3. Bb5 a6 4. Ba4 Nf6 5. O-O Be7 6. Re1 b5 7. Bb3 d6 8. c3 O-O 9. d4 Bg4 10. Be3 exd4 11. cxd4 d5 12. e5 Ne4 13. h3 Bh5 14. Nbd2 Nxd2 15. Qxd2 Bxf3 16. gxf3 Qd7 17. Rac1 Bb4 18. Qc2 Bxe1 19. Qxc6 Qxc6 20. Rxc6 Ba5 21. Bxd5 Rad8 22. Be4 Bb6 23. d5 Rb8 24. d6 Bxe3 25. dxc7 Ba7 26. Rxa6 Bd4 27. cxb8=Q Rxb8 28. f4 Bxb2 29. Kg2 b4 30. Bd5 g5 31. Ra7 Rf8 32. Kf3 Kg7 33.
Rb7 gxf4 34. Kxf4 Bc3 35. Kf5 h6 36. f4 Kg8 37. h4 Kg7 38. h5 Kg8 39. Bb3 Kg7 40.
Ke4 Bd2 41. f5 Bc3 42. f6+ Kg8 43. Kf5 Bd2 44. e6 fxe6+ 45. Bxe6+ Kh8 46. Kg6 1-0

[Event "*** Titled Tuesday 3|2 Blitz"]
[Site "Chess.com"]
[Date "2016.07.05"]
[Round "6"]
[White "Izoria123"]
[Black "Keaton87"]
[Result "1-0"]
[WhiteElo "2595"]
[BlackElo "2498"]
[TimeControl "180+2"]
[EndTime "12:16:00 PDT"]
[Termination "Izoria123 won by resignation"]

1. e4 c5 2. Nf3 d6 3. c3 Nf6 4. Be2 Nc6 5. d4 e5 6. d5 Nb8 7. O-O Be7 8. Nbd2 O-O 9. a4 Ne8 10. b4 cxb4 11. cxb4 f5 12. Bd3 g6 13. Qb3 Nd7 14.
Bb2 f4 15. Nxe5 Nxe5 16. Bxe5 dxe5 17. d6+ Kg7 18. dxe7 Qxe7 19. Rfc1 Be6 20. Qb2 Bg8 21. Rc5 Rd8 22. Bf1 Qf6 23. Nf3 Nd6 24. Qxe5 Qxe5 25. Rxe5 Rfe8 26. Rxe8 Rxe8 27. Rd1 Nxe4 28.
Rd7+ Kf6 29. Rxb7 Re7 30. Rb8 Bd5 31. b5 Nc3 32. a5 Ne2+ 33. Bxe2 Rxe2 34. h4 Ra2 35. a6 Rb2 36. Rf8+ Ke7 37. Rh8 h5 38. Rh7+ Kd6 39. Rxa7 Rxb5 40. Rg7 Be4 41. a7 Ra5 42.
Ng5 Bf5 43. f3 Ra2 44. Kh2 Ke5 45. Rf7 Kd4 46. Re7 Kd3 47. Nh3 Bxh3 48. Kxh3 Ra1 49. Kh2 Ra4 50. Rg7 Ke3 51. Rxg6 Rxa7 52. Rg5 Rh7 53.
Rf5 Rh8 54. Kg1 Rh7 55. Re5+ Kd3 56. Kf2 Rh8 57. Rf5 Ra8 58. Rxf4 Ra2+ 59. Kg3 Ke3 60. Re4+ 1-0

[Event "*** Titled Tuesday 3|2 Blitz"]
[Site "Chess.com"]
[Date "2016.07.05"]
[Round "6"]
[White "popov_m"]
[Black "jeaston1"]
[Result "1/2-1/2"]
[WhiteElo "2208"]
[BlackElo "2157"]
[TimeControl "180+2"]
[EndTime "12:16:08 PDT"]
[Termination "Game drawn - insufficient material"]

1. c4 e5 2. g3 Nf6 3. Bg2 Nc6 4. Nc3 Bc5 5. e3 O-O 6. Nge2 d6 7. d4 exd4 8. exd4 Bb6 9. h3 Re8 10. O-O a6 11.
Bg5 h6 12. Bxf6 Qxf6 13. Nd5 Qe6 14. Nxb6 cxb6 15. d5 Qxe2 16. dxc6 Ra7 17. Qxe2 Rxe2 18. Rfe1 Rxe1+ 19. Rxe1 Kf8 20. c7 b5 21. c5 dxc5 22. Rd1 Ke7 23. Rd8 Bd7 24. c8=Q Bxc8 25. Rxc8 b6 26.
Rb8 Rd7 27. Rb7 Rxb7 28. Bxb7 a5 29. Kf1 Kd6 30. Ke2 Ke5 31. Ke3 g5 32. g4 f5 33.
gxf5 Kxf5 34. Ba6 b4 35. b3 Ke5 36. Be2 Kd5 37. Bf3+ Ke5 38. Kd3 Kf4 39. Bh5 b5 40.
Bg4 a4 41. bxa4 bxa4 42. Kc4 Ke4 43. Bd1 b3 44. axb3 axb3 45. Kxb3 Kd3 46. Bg4 c4+ 47. Kb4 c3 48. Kc5 c2 49. Bf5+ Ke2 50. Bxc2 Kxf2 51. Kd5 Kf3 52. Ke5 Kg3 53. Bf5 h5 54. Kf6 g4 55.
hxg4 hxg4 56. Bxg4 1/2-1/2

[Event "*** Titled Tuesday 3|2 Blitz"]
[Site "Chess.com"]
[Date "2016.07.05"]
[Round "6"]
[White "wonderfultime"]
[Black "EltajSafarli"]
[Result "0-1"]
[WhiteElo "2688"]
[BlackElo "2772"]
[TimeControl "180+2"]
[EndTime "12:16:11 PDT"]
[Termination "EltajSafarli won by resignation"]

1. d4 Nf6 2. c4 g6 3. Nc3 d5 4. cxd5 Nxd5 5. e4 Nxc3 6. bxc3 Bg7 7. Qa4+ Nd7 8. Nf3 O-O 9. Be2 c5 10. O-O cxd4 11. cxd4 Nc5 12. dxc5 Bxa1 13. e5 Bc3 14. Bh6 Qa5 15. Qh4 Re8 16. Be3 h5 17. Bc4 Bf5 18. Qf4 e6 19. Qh6 Qc7 20. Rd1 Qe7 21. Ng5 f6 22. exf6 Bxf6 23. Rd6 Bxg5 24. Bxg5 Qf8 25. Qxf8+ Rxf8 26. Rd7 Rf7 27. Rd2 Rc8 28. Be3 Rff8 29. h3 Rfd8 30. Rb2 Rd7 31. Be2 Be4 32. Kh2 Bc6 33. Bc4 Re8 34. Kg3 Rf7 35. Rd2 Rd7 36. Rb2 Kf7 37. Kf4 Kf6 38. Kg3 g5 39. Kh2 h4 40. Be2 e5 41. g3 hxg3+ 42.
fxg3 Kg6 43. h4 gxh4 44. gxh4 Kf5 45. Rb4 Rg8 46. Bf1 Rd1 47. Bh3+ Kf6 48. Bg5+ Rxg5 49. hxg5+ Kxg5 50. Rg4+ Kf6 51. Rc4 Rd2+ 52. Kg3 Rxa2 53.
Rc3 Rd2 54. Bf1 Rd4 55. Bc4 a5 56. Kf2 a4 57. Ke3 Rh4 58. Kd2 Rh2+ 59. Kc1 e4 0-1

[Event "*** Titled Tuesday 3|2 Blitz"]
[Site "Chess.com"]
[Date "2016.07.05"]
[Round "6"]
[White "daro94"]
[Black "LaStreetCmaMaison"]
[Result "1-0"]
[WhiteElo "2641"]
[BlackElo "2430"]
[TimeControl "180+2"]
[EndTime "12:16:13 PDT"]
[Termination "daro94 won by resignation"]

1. d4 Nf6 2. c4 b6 3. Nf3 Bb7 4. g3 g6 5. Bg2 Bg7 6. O-O O-O 7. Nc3 Ne4 8. Bd2 Nxd2 9. Qxd2 d6 10. e4 e6 11. h4 Nd7 12. Rab1 h6 13. Rfe1 e5 14.
d5 Nf6 15. Bh3 Bc8 16. Bxc8 Qxc8 17. b4 Nh5 18. Qe2 f5 19. Kh2 f4 20. Rg1 Qg4 21.
Rbf1 Rf7 22. Nb1 Raf8 23. Nbd2 Kh8 24. c5 bxc5 25. bxc5 dxc5 26. Qd3 Kh7 27. Qe2 a5 28. Ng5+ Qxg5 29. hxg5 f3 30. Nxf3 Rxf3 31. Kg2 R3f7 32.
Rh1 Kg8 33. Rxh5 gxh5 34. gxh6 Bxh6 35. Qxh5 Bg7 36. f3 Rf6 37. Rc1 Rh6 38. Qg4 Rb8 39.
Rc2 a4 40. Qd7 a3 41. Qxc7 Rhb6 42. Qxc5 Rb2 43. Kh3 Bf8 44. Qc4 R8b4 45. Qc8 Rxc2 46. Qxc2 Rb2 47. Qc4 Rb4 48. Qc6 Rb2 49. Qe6+ Kh8 50.
Qxe5+ Bg7 51. Qh5+ Kg8 52. Qe8+ Kh7 53. Qh5+ Kg8 54.
d6 Rd2 55. d7 Bf6 56. Qg6+ Kh8 57. Qxf6+ Kh7 58. Qe7+ Kg6 59. d8=Q 1-0

[Event "*** Titled Tuesday 3|2 Blitz"]
[Site "Chess.com"]
[Date "2016.07.05"]
[Round "6"]
[White "Cayse"]
[Black "cabalista"]
[Result "1-0"]
[WhiteElo "2573"]
[BlackElo "2432"]
[TimeControl "180+2"]
[EndTime "12:16:18 PDT"]
[Termination "Cayse won on time"]

1. e4 e5 2. Nf3 Nc6 3. Bc4 Nf6 4. Ng5 d5 5. exd5 Na5 6. Bb5+ c6 7. dxc6 bxc6 8. Bd3 Ng4 9. Ne4 f5 10. Be2 h5 11. h3 fxe4 12. hxg4 Bc5 13. b4 Bxb4 14. Nc3 Qd4 15. gxh5 O-O 16. O-O Be6 17. Qe1 Bc5 18.
Rb1 Nc4 19. Nd1 Rf7 20. Ne3 Raf8 21. Bxc4 Bxc4 22. Bb2 Qd8 23. Nxc4 Rxf2 24. Rxf2 Bxf2+ 25. Qxf2 Rxf2 26. Kxf2 Qh4+ 27. Kg1 Qxh5 28. Ne3 Qe2 29. Bc3 g5 30. Rd1 g4 31. Bxe5 Kf7 32. a3 Ke6 33. Bf4 c5 34. c3 c4 35. Kh2 Qf2 36. Bg3 Qe2 37. a4 a5 38. Re1 Qxd2 39. Nxc4 Qxc3 40. Rxe4+ Kd5 41. Rxg4 Qh8+ 42. Rh4 Qa1 43. Nxa5 Ke6 44.
Nb3 Qa3 45. Nd4+ Kf6 46. Nf3 Qd3 47. Be5+ Kg6 48. Rg4+ Kf5 49. Rf4+ Kg6 50. Rf6+ Kh5 51.
a5 Qd5 52. a6 1-0

[Event "*** Titled Tuesday 3|2 Blitz"]
[Site "Chess.com"]
[Date "2016.07.05"]
[Round "6"]
[White "mortalbovine"]
[Black "Wolverine_master"]
[Result "1/2-1/2"]
[WhiteElo "1704"]
[BlackElo "2018"]
[TimeControl "180+2"]
[EndTime "12:16:22 PDT"]
[Termination "Game drawn by repetition"]

1. e4 d5 2. exd5 Qxd5 3. Nc3 Qd6 4. d4 Nf6 5. Nf3 a6 6. Be2 Nc6 7. O-O Bg4 8. Be3 O-O-O 9. h3 Bh5 10. Qd2 e5 11. dxe5 Nxe5 12. Qxd6 Bxd6 13. Nxe5 Bxe5 14. Bxh5 Nxh5 15. Rad1 Nf6 16. Rd3 Rxd3 17. cxd3 Rd8 18. Rd1 Nd5 19. Nxd5 Rxd5 20. d4 c5 21. Rc1 Bxd4 22.
Bxd4 Rxd4 23. Rxc5+ Kd7 24. Rc2 Rd1+ 25. Kh2 b5 26.
Kg3 a5 27. Rc5 Rd3+ 28. f3 Kd6 29. Rxb5 a4 30. Rb4 a3 31. bxa3 Rxa3 32. Rb7 Ke6 33. Rb6+ Ke5 34. Rb2 h6 35. Kf2 Ra7 36. Re2+ Kf5 37.
g3 h5 38. g4+ hxg4 39. hxg4+ Kf4 40. Re4+ Kg5 41. a4 f5 42. Rb4 fxg4 43. Rxg4+ Kf5 44. Kg3 g5 45. Rb4 Rc7 46. Rb5+ Kf6 47. Rb6+ Kf5 48.
a5 Rc5 49. a6 Ra5 50. Rc6 Ra4 51. Rc5+ Kf6 52. Rc6+ Kf5 53. Rh6 Ra5 54. Rb6 Ra4 55.
a7 Rxa7 56. Rb5+ Kf6 57. Kg4 Ra4+ 58. Kg3 Rc4 59. Rb6+ Kf5 60. Rb5+ Kf6 61. Rb6+ Kf5 62. Rb5+ Kf6 63. Rb6+ Kf5 64. Rb5+ Kf6 65. Rb6+ 1/2-1/2

[Event "*** Titled Tuesday 3|2 Blitz"]
[Site "Chess.com"]
[Date "2016.07.05"]
[Round "6"]
[White "Hikaru"]
[Black "E-Shaposhnikov"]
[Result "1-0"]
[WhiteElo "2999"]
[BlackElo "2655"]
[TimeControl "180+2"]
[EndTime "12:16:23 PDT"]
[Termination "Hikaru won on time"]

1. d4 Nf6 2. c4 e6 3. Nc3 Bb4 4. e3 c5 5. Ne2 cxd4 6. exd4 d5 7. c5 Ne4 8. Bd2 Nxd2 9. Qxd2 a5 10. a3 Bxc3 11. Nxc3 O-O 12. Na4 Bd7 13. Nb6 Ra7 14. Rc1 Bc6 15. b4 axb4 16. axb4 Qe8 17. Qe2 Ba4 18.
b5 Nd7 19. Nxd7 Qxd7 20. Qb2 Ra5 21. Qb4 Rfa8 22. Ra1 Qd8 23. b6 e5 24. Be2 e4 25.
O-O Qe8 26. Rfc1 e3 27. f3 Qe7 28. Ra3 Qh4 29. g3 Qe7 30. Rca1 Qe8 31. Kf1 h5 32. Ke1 h4 33. Bd3 hxg3 34. hxg3 Qd7 35. Bf1 Qf5 36. Rxe3 Qc2 37. Re2 Qd3 38. Kf2 Qh7 39. Kg1 Qg6 40. Kf2 f5 41. f4 Rb5 42. Qe1 Rb3 43. Re3 Rxe3 44. Qxe3 Re8 45. Qd2 Bc6 46. Re1 Rxe1 47.
Qxe1 Qf6 48. Qe5 Kf7 49. Bg2 Qe6 50. Bh3 g6 51. Bg2 Qd7 52. Ke1 Qe6 53. Kd2 Qd7 54.
Kc3 Qd8 55. Kb4 Qd7 56. Qc7 Ke6 57. Qxd7+ Bxd7 58. Bf1 Bc6 59. Bb5 1-0

[Event "*** Titled Tuesday 3|2 Blitz"]
[Site "Chess.com"]
[Date "2016.07.05"]
[Round "6"]
[White "StoreySniper"]
[Black "Misha_Bilous"]
[Result "1-0"]
[WhiteElo "2343"]
[BlackElo "2243"]
[TimeControl "180+2"]
[EndTime "12:16:37 PDT"]
[Termination "StoreySniper won by resignation"]

1. e4 c5 2. Nf3 Nc6 3. c3 d5 4.
exd5 Qxd5 5. d4 Bg4 6. Be2 e6 7. Be3 Nf6 8. Na3 Be7 9. Nb5 Qd8 10. dxc5 Nd5 11. Nd6+ Bxd6 12. cxd6 Bxf3 13. Bxf3 Qxd6 14. Bxd5 exd5 15. Qb3 O-O 16. O-O f5 17. Rad1 Rad8 18. c4 d4 19. c5+ Qd5 20. Qxb7 f4 21. Bc1 f3 22. g3 Qe6 23. Qb3 Rd5 24. Rfe1 Qf7 25.
Bf4 Kh8 26. h4 h6 27. Qxf3 g5 28. hxg5 hxg5 29. Kg2 gxf4 30. Rh1+ Kg7 31. Rh4 Rg5 32. Qxc6 f3+ 33. Kh2 Rg6 34. Qe4 Rd8 35. Rxd4 Re8 36.
Qf4 Qe7 37. Rd6 Rf8 38. Rxg6+ Kxg6 39. Qg4+ Kf6 40. Rh6+ Ke5 41. Rh5+ Kf6 42. Rh6+ Ke5 43. Rh5+ Kf6 44. Qf4+ Kg6 45. Rh6+ Kg7 46. Qh4 Qxh4+ 47. Rxh4 Rd8 48. Rf4 Rd2 49. Rxf3 Rxb2 50. Kg2 Rxa2 51.
Rc3 Re2 52. c6 Re8 53. Ra3 Rc8 54. Rxa7+ Kf6 55. c7 Kf5 56. f3 Kg5 57. g4 Kf4 58. Kf2 Rh8 59. Ra4+ Ke5 60. Rc4 Rc8 61. Kg3 Kd5 62.
Rc1 1-0

[Event "*** Titled Tuesday 3|2 Blitz"]
[Site "Chess.com"]
[Date "2016.07.05"]
[Round "6"]
[White "Gajuchess"]
[Black "Sanan_Sjugirov"]
[Result "0-1"]
[WhiteElo "2537"]
[BlackElo "2667"]
[TimeControl "180+2"]
[EndTime "12:17:23 PDT"]
[Termination "Sanan_Sjugirov won by checkmate"]

1. Nf3 Nf6 2. g3 d5 3. Bg2 c6 4. O-O Bg4 5. c4 e6 6. d3 Nbd7 7. b3 Bd6 8. Bb2 O-O 9. Na3 Qe7 10. Nc2 h6 11. Qd2 Rfe8 12. Rac1 Bh5 13. cxd5 exd5 14.
Rfe1 Ne5 15. Nh4 Qd7 16. e4 Bc7 17. f4 Bb6+ 18. d4 Ng6 19. Nxg6 Bxg6 20. f5 Bh7 21. e5 Ne4 22. Bxe4 dxe4 23. g4 Rxe5 24. Ne3 Ree8 25.
Kg2 Rad8 26. Rcd1 f6 27. Qc2 Kh8 28. d5 Bg8 29. d6 Rc8 30. Qc1 Bd5 31. Nc4 e3+ 32. Kh3 e2 33. Rd3 Bf2 34. Qd2 Bxe1 35. Qxe1 b5 36. Ne3 Qxd6 37. Qxe2 Qf4 38. Nxd5 cxd5 39.
Qf3 Qxf3+ 40. Rxf3 Re2 41. Bd4 Rcc2 42. Bg1 b4 43.
Kh4 Rxa2 44. h3 Rac2 45. Bd4 Rcd2 46. Bxa7 d4 47. Rf4 Re3 48. Kh5 Kh7 49. h4 Rxb3 50.
Bxd4 Rh3 51. Re4 b3 52. Bxf6 gxf6 53. Re7+ Kg8 54. Kg6 Kf8 55. Rb7 b2 56. Kxf6 Ke8 57. h5 Rh1 58. Ke6 Re1+ 59. Kf6 b1=Q 60. Rxb1 Rxb1 61.
Kg6 Rd6+ 62. f6 Kf8 63. Kxh6 Rxf6+ 64. Kh7 Rb7+ 65. Kh8 Rh6# 0-1

[Event "*** Titled Tuesday 3|2 Blitz"]
[Site "Chess.com"]
[Date "2016.07.05"]
[Round "6"]
[White "CraiggoryC"]
[Black "Schemato"]
[Result "0-1"]
[WhiteElo "2084"]
[BlackElo "2216"]
[TimeControl "180+2"]
[EndTime "12:18:44 PDT"]
[Termination "Schemato won by resignation"]

1. e4 e6 2. d4 d5 3. Nd2 Be7 4. Ngf3 Nf6 5. e5 Nfd7 6. Bd3 c5 7. c3 b6 8. Qa4 O-O 9. O-O a5 10. Re1 Ba6 11. Bxa6 Nxa6 12. dxc5 bxc5 13. Qg4 Qb6 14. Nf1 Rfb8 15. Ng3 c4 16. Nh5 g6 17. Bg5 Qd8 18. Bxe7 Qxe7 19. h4 Rxb2 20. Nf6+ Nxf6 21. Qg5 Qc5 22.
exf6 Qxf2+ 23. Kh1 h6 24. Qg4 Nc5 25. h5 Kh7 26. Rf1 Qc2 27. Ne5 Rf8 28. hxg6+ fxg6 29. f7 Rb7 30. Rf3 Qe4 31. Qg3 Nd3 32. Nxd3 cxd3 33. Rxd3 Rbxf7 34. Re3 Qf5 35. Rae1 Rf6 36. Qc7+ R8f7 37. Qg3 Qh5+ 38. Qh2 Qxh2+ 39. Kxh2 Re7 40. Re5 Rc7 41. Rxe6 Rxe6 42. Rxe6 Rxc3 43. Re7+ Kg8 44. Rd7 Ra3 45. Rxd5 Rxa2 46. Rd7 a4 47. Ra7 a3 48. Kg1 Ra1+ 49. Kh2 a2 50. Kg3 h5 51. Kh2 g5 52.
Kg3 h4+ 53. Kh2 g4 54. g3 h3 55. Ra4 Kf8 56. Ra7 Ke8 57. Ra4 Kd7 58. Ra7+ Kc6 59.
Ra8 Kb5 60. Rb8+ Kc4 61. Rc8+ Kb5 62. Rb8+ Kc4 63. Rc8+ Kd3 64. Rd8+ Ke4 65. Re8+ Kf5 66. Rf8+ Ke6 67. Re8+ Kf7 68. Ra8 Rb1 69. Rxa2 Rb4 70. Ra7+ Ke6 71. Rg7 Kf5 72. Rf7+ Ke5 73. Rg7 Rd4 74.
Rg5+ Kd6 75. Rg8 Kd5 76. Rg5+ Kc4 77. Rg8 Kd3 78. Rg7 Ke3 79. Re7+ Re4 80. Rg7 Ke2 81. Rg8 Ke1 82. Rg7 Re2+ 83. Kh1 Re4 84. Kh2 Rd4 85.
Re7+ Kf2 86. Rf7+ Ke3 87. Re7+ Re4 88. Rg7 Ke2 89. Rg8 Ke1 90. Rg7 Re2+ 91. Kh1 Kf2 92.
Kh2 Kf3+ 93. Kh1 Kxg3 0-1